 Dungeon Crawl Stone Soup version 0.16-a0-3472-g5ce0ac0 (webtiles) character file.

417 Kemay the Insei (level 6, -1/38 HPs)
             Began as an Octopode Transmuter on Jan 3, 2015.
             Killed from afar by an orc wizard (5 damage)
             ... with a magic dart
             ... on level 3 of the Dungeon.
             The game lasted 00:12:25 (4496 turns).

Kemay the Insei (Octopode Transmuter)               Turns: 4496, Time: 00:12:25

Health: -1/38      AC:  2    Str: 10      XL:     6   Next: 92%
Magic:  9/10       EV: 19    Int: 17      God:
Gold:   168        SH:  0    Dex: 15 (17) Spells: 2 memorised, 5 levels left

rFire  . . .     SeeInvis .       - Unarmed
rCold  . . .     Clarity  .     (shield currently unavailable)
rNeg   . . .     SustAb   .     (helmet currently unavailable)
rPois  x         Gourm    .     (no amulet)
rElec  .         Spirit   .     (no ring)
rCorr  .         Warding  .     (no ring)
rMut   .         Stasis   .     (no ring)
MR     .....                    (no ring)
Stlth  +.........               (no ring)
                                (no ring)
                                (no ring)
                                (no ring)

@: spider-form (expiring), not resistant to hostile enchantments, very
unstealthy
A: almost no armour, amphibious, 8 rings, (constrict 8), (tentacle spike 0),
(camouflage 0), deterioration 1, sense surroundings 1, (gelatinous body 0)
a: End Transformation


You were on level 3 of the Dungeon.
You were not hungry.
You were a venomous arachnid creature.
You visited 1 branch of the dungeon, and saw 3 of its levels.

You collected 168 gold pieces.

Inventory:

Scrolls
 g - a scroll of teleportation
 h - 2 scrolls of magic mapping
 l - 4 scrolls of amnesia
 n - a scroll of identify
Potions
 b - a potion of brilliance
 c - 2 potions of cancellation
 f - a potion of magic
Books
 d - a book of Changes

   Spells                             Type                      Level
   a - Beastly Appendage              Transmutation                1
   b - Sticks to Snakes               Transmutation                2
   c - Spider Form                    Transmutation/Poison         3
   d - Ice Form                       Ice/Transmutation            4
   e - Blade Hands                    Transmutation                5
Comestibles
 a - 11 chunks of flesh
 m - a meat ration


   Skills:
 - Level 1.0 Fighting
 - Level 2.0 Dodging
 + Level 5.5 Unarmed Combat
 - Level 2.0 Spellcasting
 - Level 4.6 Transmutations
 - Level 3.1 Poison Magic


You had 5 spell levels left.
You knew the following spells:

 Your Spells              Type           Power        Failure   Level  Hunger
a - Beastly Appendage     Trmt           ###...       10%         1    #......
b - Spider Form           Trmt/Pois      ##........   32%         3    ###....


Dungeon Overview and Level Annotations

Branches:
Dungeon (3/15)

Altars:
Gozag
Nemelex Xobeh


Innate Abilities, Weirdness & Mutations

You cannot wear most types of armour.
You are amphibious.
You can wear up to eight rings at the same time.
((You can use your tentacles to constrict many enemies at once.))
((Your skin changes colour to match your surroundings (Stealth).))
((Your rubbery body absorbs attacks (AC +1).))
((One of your tentacles bears a spike.))
Your body is slowly deteriorating.
You passively map a small area around you.


Message History

The orc wizard seems to speed up.
You hit the orc wizard.
The orc wizard is almost dead.
The orc wizard gestures at you while chanting.
The magic dart hits you!
You barely miss the orc wizard.
The orc wizard is almost dead.
You kill the orc wizard!
You bite the orc!
You kill the orc!
You bite the orc!
You kill the orc!
The orc priest mumbles some strange prayers to Beogh against you.
Pain shoots through your body!
* * * LOW HITPOINT WARNING * * *
You hit the orc wizard but do no damage.
The orc wizard is poisoned.
The orc wizard points at you and mumbles some strange words.
The magic dart hits you!
You die...

#.# #.##### #.# #.....#
#.#####.###.# #....##.# #.#
#####.##.##.# #.# ##########
#........##.###.#
#........######
###.#.#(..)(....#
#.........)..(.
#.#.#.###.#######..............
#.#.#.# #)))..so>.(.....o.?....
#.#.#.# ########o..............
###.#.#.# #(..............
#.....#.# #.........####.#
#####.#.##########.######### #..
#.....#.##..........# ######.
##.##.#.##.......)..# #......
#.##.#.............#######.#####
#.##............................


You could see an orc priest and an orc wizard.

Vanquished Creatures
  The ghost of Kemay the Changer, an average OpTm (D:3)
  3 orc wizards (D:3)
  An orc priest (D:3)
  A worker ant (D:3)
  Jessica (D:3)
  Robin (D:3)
  2 adders
  A giant mite (D:3)
  4 worms
  A giant gecko (D:1)
  10 orcs (D:3)
  3 giant cockroaches
  12 goblins
  13 hobgoblins
  3 quokkas (D:3)
  A ball python (D:3)
  4 bats
  4 giant newts
  5 kobolds
  13 rats
84 creatures vanquished.

Notes
Turn   | Place    | Note
--------------------------------------------------------------
     0 | D:1      | Kemay, the Octopode Transmuter, began the quest for the Orb.
     0 | D:1      | Reached XP level 1. HP: 13/13 MP: 3/3
   688 | D:1      | Reached XP level 2. HP: 12/18 MP: 4/4
  1085 | D:2      | Found an opulent altar of Gozag.
  1161 | D:2      | Found a sparkling altar of Nemelex Xobeh.
  1486 | D:2      | Reached XP level 3. HP: 15/23 MP: 3/6
  1491 | D:2      | Learned a level 3 spell: Spider Form
  1644 | D:2      | Noticed Robin
  1651 | D:2      | You fall through a shaft!
  1865 | D:3      | Reached skill level 1 in Poison Magic
  1871 | D:3      | Killed Robin
  1871 | D:3      | Reached skill level 4 in Transmutations
  1871 | D:3      | Reached XP level 4. HP: 9/28 MP: 3/7
  2711 | D:3      | Reached XP level 5. HP: 33/33 MP: 1/9
  2850 | D:3      | Noticed Jessica
  2871 | D:3      | Killed Jessica
  3547 | D:3      | Noticed Kemay's ghost (average OpTm)
  3884 | D:3      | Gained mutation: You passively map a small area around you. [potion of mutation]
  3884 | D:3      | Gained mutation: Your body is slowly deteriorating. [potion of mutation]
  3884 | D:3      | Gained mutation: One of your tentacles bears a spike. [potion of mutation]
  3907 | D:3      | Killed Kemay's ghost
  3907 | D:3      | Reached XP level 6. HP: 20/38 MP: 7/10
  4133 | D:3      | Reached skill level 5 in Unarmed Combat
  4496 | D:3      | Killed from afar by an orc wizard

Action                   |  1- 3 |  4- 6 || total
-------------------------+-------+-------++-------
Melee: Unarmed           |    84 |   159 ||   243
 Cast: Beastly Appendage |     2 |       ||     2
       Spider Form       |     2 |    11 ||    13
 Abil: End Transformatio |       |     3 ||     3
  Use: Scroll            |     7 |     8 ||    15
       Potion            |       |     5 ||     5
 Stab: Sleeping          |     2 |     1 ||     3
  Eat: Chunk             |     3 |     7 ||    10
       Bread ration      |       |     1 ||     1
